 Dungeon Crawl Stone Soup version 0.21-a0-13-g3fd62ac (webtiles) character file.

126 JorJi the Bolt Thrower (level 5, 0/29 HPs)
             Began as a Kobold Arcane Marksman on May 23, 2017.
             Slain by a river rat (6 damage)
             ... in a sewer.
             The game lasted 00:17:10 (2393 turns).

JorJi the Bolt Thrower (Kobold Arcane Marksman)     Turns: 2393, Time: 00:17:11

Health: 0/29       AC:  3    Str:  8    XL:     5   Next: 31%
Magic:  6/7        EV: 16    Int: 14    God:
Gold:   81         SH:  0    Dex: 16    Spells: 3/7 levels left

rFire    . . .     SeeInvis .   (weapon restricted)
rCold    . . .     Gourm    .   (shield restricted)
rNeg     . . .     Faith    .   e - +1 robe
rPois    .         Spirit   .   (no helmet)
rElec    .         Reflect  .   (no cloak)
rCorr    .         Harm     .   (no gloves)
MR       .....                  (no boots)
Stlth    ++........             (no amulet)
Regen    0.1/turn               (no ring)
MPRegen  0.1/turn               (no ring)

@: no status effects
A: carnivore 3
a: no special abilities


You were in a sewer.
You were very full.

You visited 1 branch of the dungeon, and saw 3 of its levels.
You also visited: Sewer.

You collected 81 gold pieces.

Inventory:

Hand Weapons
 a - a +0 hand crossbow
Armour
 e - a +1 robe (worn)
Scrolls
 g - a scroll of teleportation
 i - a scroll of amnesia {unknown}
 l - a scroll of remove curse
 n - a scroll of fog {unknown}
Potions
 j - 2 potions of curing
 k - a potion of mutation {unknown}
Books
 c - a book of Debilitation

   Spells                             Type                      Level
   a - Corona                         Hexes                        1
   b - Slow                           Hexes                        2
   c - Inner Flame                    Hexes/Fire                   3
   d - Portal Projectile              Hexes/Translocation          3
   e - Cause Fear                     Hexes                        4
   f - Leda's Liquefaction            Hexes/Earth                  4
Comestibles
 b - 2 chunks of flesh
 f - 2 meat rations
 h - 2 royal jellies


   Skills:
 - Level 1.4 Fighting
 * Level 4.6 Crossbows
 + Level 3.5 Dodging
 - Level 1.1 Stealth
 - Level 1.7 Spellcasting
 - Level 3.3 Hexes


You had 3 spell levels left.
You knew the following spells:

 Your Spells              Type           Power        Failure   Level  Hunger
a - Corona                Hex            ##.....      6%          1    ##.....
b - Portal Projectile     Hex/Tloc       #.....       36%         3    ####...


Dungeon Overview and Level Annotations

Branches:
Dungeon (3/15)

Altars:


Innate Abilities, Weirdness & Mutations

You are small and have problems with some larger weapons.
You are carnivorous and can eat meat at any time.


Message History

The river rat misses you. The rat bites you.
You hit the river rat but do no damage.
The river rat is heavily wounded.
The river rat bites you!
* * * LOW HITPOINT WARNING * * *
The rat barely misses you.
Casting: Corona
Confirm with . or Enter, or press ? or * to list all spells.
Aiming: Corona
Press: ? - help, Shift-Dir - straight line, f/p - river rat
Aim: a river rat (heavily wounded, chance to defeat MR: 54%)
The river rat is outlined in light.
The river rat completely misses you. The rat barely misses you.
You hit the river rat but do no damage.
The river rat is heavily wounded.
The river rat closely misses you. The rat misses you.
You barely miss the river rat.
The river rat is heavily wounded.
The river rat bites you.
You die... ################ ((..(.r@rr∩....# ################

You could see a river rat and 2 rats.

Vanquished Creatures
  6 adders
  2 oozes
  3 worms
  A dart slug (D:2)
  2 leopard geckos
  An orc (D:3)
  4 bats
  5 giant cockroaches
  3 goblins
  7 hobgoblins
  3 jackals (D:2)
  4 frilled lizards
  2 kobolds (D:2)
  8 rats
51 creatures vanquished.

Notes
Turn   | Place    | Note
-------+----------+-------------------------------------------
     0 | D:1      | JorJi the Kobold Arcane Marksman began the quest for the Orb.
     0 | D:1      | Reached XP level 1. HP: 12/12 MP: 2/2
   171 | D:1      | Reached XP level 2. HP: 16/16 MP: 2/4
   744 | D:1      | Reached XP level 3. HP: 19/20 MP: 5/5
  1134 | D:2      | Reached skill level 3 in Crossbows
  1187 | D:2      | Reached skill level 1 in Stealth
  1227 | D:2      | Learned a level 3 spell: Portal Projectile
  1292 | D:2      | Reached XP level 4. HP: 22/25 MP: 6/6
  1757 | D:2      | Reached skill level 4 in Crossbows
  1866 | D:2      | Reached XP level 5. HP: 27/29 MP: 2/7
  2304 | D:3      | Found a glowing drain.
  2354 | Sewer    | Entered a sewer
  2393 | Sewer    | Slain by a river rat

Vault maps used:
D:1:      wheals_arrival_linesprint
D:3:      grunt_dithmenos_smoke, cheibrodos_sewer_entry_drain, first_bread,
          trog_three_pillars_becter, uniq_grinder
Sewer:    sewer_kobolds

Skill      XL: |  1  2  3  4 |
---------------+-------------+-----
Crossbows      | 3 4 |  4.6
Stealth        | 1 |  1.1
Dodging        | 3 |  3.5
Fighting       | |  1.4
Spellcasting   | |  1.7
Hexes          | |  3.3

Action                   |  1- 3 |  4- 6 || total
-------------------------+-------+-------++-------
Melee: Unarmed           |       |    27 ||    27
       Hand crossbow     |       |     2 ||     2
 Fire: Hand crossbow     |    64 |    70 ||   134
 Cast: Corona            |    12 |    10 ||    22
  Use: Scroll            |       |     5 ||     5
  Eat: Chunk             |     9 |     3 ||    12
Armor: Robe              |     8 |     7 ||    15
Dodge: Dodged            |    26 |    89 ||   115
